 Dungeon Crawl Stone Soup version 0.18.1-50-g88ac8fd (webtiles) character file.

154 grisgris the Conjurer (level 5, -2/28 HPs)
             Began as a Deep Elf Conjurer on Nov 11, 2016.
             Slain by Pikel
             ... wielding a +1 whip of freezing
              (7 damage)
             ... on level 4 of the Dungeon.
             The game lasted 00:06:57 (1597 turns).

grisgris the Conjurer (Deep Elf Conjurer)           Turns: 1597, Time: 00:06:58

Health: -2/28      AC:  2    Str:  5    XL:     5   Next: 13%
Magic:  9/14       EV: 13    Int: 21    God:
Gold:   170        SH:  0    Dex: 15    Spells: 3 memorised, 7 levels left

rFire  . . .     SeeInvis .     l - +1 dagger (drain)
rCold  . . .     Gourm    .     a - +0 robe
rNeg   . . .     Faith    .     (no shield)
rPois  .         Spirit   .     (no helmet)
rElec  .         Dismiss  .     (no cloak)
rCorr  .         Reflect  .     (no gloves)
SustAt .         Harm     .     (no boots)
MR     .....                    (no amulet)
Stlth  ++........               (no ring)
                                (no ring)

@: not resistant to hostile enchantments, unstealthy
A: no striking features
a: no special abilities


You were on level 4 of the Dungeon.
You were hungry.

You visited 1 branch of the dungeon, and saw 4 of its levels.

You collected 170 gold pieces.

Inventory:

Hand Weapons
 l - a +1 dagger of draining (weapon)
Armour
 a - a +0 robe (worn)
Scrolls
 d - 2 scrolls of identify
 f - 2 scrolls of remove curse {unknown}
 i - a scroll of enchant armour {unknown}
 m - a scroll of blinking {unknown}
 n - a scroll of immolation {unknown}
Potions
 e - 2 potions of flight
 j - 2 potions of resistance
 k - a potion of agility {unknown}
 o - a potion of cancellation {unknown}
 p - a potion of magic {unknown}
 q - a potion of haste {unknown}
Books
 b - a book of Conjurations

   Spells                             Type                      Level
   a - Magic Dart                     Conjuration                  1
   b - Searing Ray                    Conjuration                  2
   c - Dazzling Spray                 Conjuration/Hexes            3
   d - Fulminant Prism                Conjuration/Hexes            4
   e - Iskenderun's Mystic Blast      Conjuration                  4
   f - Iskenderun's Battlesphere      Conjuration/Charms           5
Comestibles
 c - a bread ration
 g - 3 meat rations
 h - a beef jerky


   Skills:
 + Level 2.8 Dodging
 + Level 3.3 Stealth
 + Level 5.0 Spellcasting
 + Level 5.7 Conjurations


You had 7 spell levels left.
You knew the following spells:

 Your Spells              Type           Power        Failure   Level  Hunger
a - Magic Dart            Conj           ####         1%          1    None
b - Searing Ray           Conj           ####..       1%          2    None
c - Iskenderun's Mystic   Conj           ####....     12%         4    ####...


Dungeon Overview and Level Annotations

Branches:
Dungeon (4/15)
 Temple: D:4-7

Altars:

Annotations:
D:4 Pikel


Message History

Casting: Searing Ray
Confirm with . or Enter, or press ? or * to list all spells.
Aiming: Searing Ray
Press: ? - help, Shift-Dir - straight line, f - Pikel
Aim: Pikel, wielding a whip of freezing and wearing a robe The searing ray misses Pikel.
The slave hits you!
The searing ray hits Pikel.
The slave barely misses you. The slave hits you.
The searing ray hits Pikel.
Pikel is moderately wounded.
Pikel barely misses you. The slave hits you!
* * * LOW HITPOINT WARNING * * *
The slave barely misses you.
The searing ray hits Pikel.
Pikel is moderately wounded.
Pikel hits you but does no damage. The slave misses you. The slave hits you.
* * * LOW HITPOINT WARNING * * *
The slave hits you.
* * * LOW HITPOINT WARNING * * *
Pikel hits you with a whip of freezing!
You die...

#....#
####'#####..
#....#
#........# .
#....#
#........#
######
#........#
#........####
#....p......#
#####'##.##.###
#Kp..##.#<#
#@##.##.#.#
#.p..##...#
#..########
#....# #.##.#
#....# #.####
#.# ###


You could see Pikel and 3 slaves.

Vanquished Creatures
  A slave (D:4)
  A hound (D:4)
  An orc priest (D:3)
  2 worker ants
  An adder (D:3)
  A worm (D:2)
  2 giant geckos
  2 orcs (D:2)
  4 bats (D:1)
  5 goblins
  5 hobgoblins
  A jackal (D:1)
  3 quokkas (D:3)
  A ball python (D:1)
  5 giant newts
  2 kobolds (D:1)
  2 rats
39 creatures vanquished.

Notes
Turn   | Place    | Note
--------------------------------------------------------------
     0 | D:1      | grisgris the Deep Elf Conjurer began the quest for the Orb.
     0 | D:1      | Reached XP level 1. HP: 10/10 MP: 6/6
   197 | D:1      | Reached XP level 2. HP: 15/15 MP: 4/8
   202 | D:1      | Learned a level 2 spell: Searing Ray
   299 | D:1      | Reached skill level 5 in Conjurations
   840 | D:2      | Reached XP level 3. HP: 18/19 MP: 6/10
  1030 | D:3      | Reached XP level 4. HP: 24/24 MP: 7/12
  1041 | D:3      | Learned a level 4 spell: Iskenderun's Mystic Blast
  1378 | D:4      | Reached skill level 5 in Spellcasting
  1378 | D:4      | Reached XP level 5. HP: 22/28 MP: 3/14
  1473 | D:4      | Noticed a slave
  1474 | D:4      | Noticed a slave
  1475 | D:4      | Noticed Pikel
  1475 | D:4      | Noticed a slave
  1475 | D:4      | Noticed a slave
  1502 | D:4      | Killed a slave
  1597 | D:4      | Slain by Pikel

Skill      XL: |  1  2  3  4 |
---------------+-------------+-----
Conjurations   | 5 |  5.7
Spellcasting   | 4 5 |  5.0
Stealth        | 3 |  3.3
Dodging        | |  2.8

Action                   |  1- 3 |  4- 6 || total
-------------------------+-------+-------++-------
Melee: Dagger            |     4 |     2 ||     6
 Cast: Magic Dart        |    43 |    15 ||    58
       Searing Ray       |     4 |     6 ||    10
  Use: Potion            |     1 |       ||     1
       Scroll            |     2 |       ||     2
 Stab: Sleeping          |       |     1 ||     1
  Eat: Beef jerky        |       |     1 ||     1
Armor: Robe              |     2 |     4 ||     6
Dodge: Dodged            |     7 |    11 ||    18
